 Dungeon Crawl Stone Soup version 0.28-a0-233-gb8ca4b6547 (webtiles) character file.

Game seed: 11126939068689043229

4 rabbitsville the Chiller (level 1, -2/15 HPs)
             Began as a Naga Ice Elementalist on Aug 22, 2021.
             Slain by a kobold (5 damage)
             ... on level 1 of the Dungeon.
             The game lasted 00:02:21 (204 turns).

rabbitsville the Chiller (Naga Ice Elementalist)     Turns: 204, Time: 00:02:22

Health: -2/15      AC:  1    Str: 10    XL:     1   Next: 60%
Magic:  0/3        EV:  9    Int: 15    God:
Gold:   22         SH:  0    Dex: 11    Spells: 3/4 levels left

rFire   . . .      SeeInvis +   (no weapon)
rCold   . . .      Faith    .   (no shield)
rNeg    . . .      Spirit   .   a - +0 robe
rPois   +          Reflect  .   (no helmet)
rElec   .          Harm     .   (no cloak)
rCorr   .          Rampage  .   (no gloves)
Will    .....                   (no barding)
Stlth   ++........              (no amulet)
HPRegen 0.05/turn               (no ring)
MPRegen 0.08/turn               (no ring)

@: very slow
A: AC +0, large, see invisible, deformed body, poison resistance, slowness 2,
spit poison 1, naga tail 1
a: Spit Poison


You were on level 1 of the Dungeon.
You visited 1 branch of the dungeon, and saw 1 of its levels.

You collected 22 gold pieces.

Inventory:

Armour
 a - a +0 robe (worn)
Scrolls
 b - a scroll of identify {unknown}
 c - a scroll of noise {unknown}


   Skills:
 - Level 1.5 Dodging
 + Level 3.1 Stealth
 + Level 2.0 Spellcasting
 * Level 4.1 Ice Magic


You had 3 spell levels left.
You knew the following spells:

 Your Spells              Type           Power      Damage    Failure   Level
a - Freeze                Ice            52%        1d7       4%          1

Your spell library contained the following spells:

 Spells                   Type           Power      Damage    Failure   Level
 Frozen Ramparts          Ice            26%        1d4       12%         3
 Ozocubu's Armour         Ice            13%        N/A       12%         3
 Hailstorm                Conj/Ice       7%         3d4       67%         4


Dungeon Overview and Level Annotations

Branches:
Dungeon (1/15)

Altars:


Innate Abilities, Weirdness & Mutations

Your serpentine skin is tough. (AC +0)
You have supernaturally acute eyesight. (SInv)
Armour fits poorly on your strangely shaped body.
Your system is resistant to poisons. (rPois)
You cover ground very slowly.
You can spit poison.
You have a snake-like lower body.


Message History

Casting: Freeze (safe; 4% risk of failure)
Confirm with . or Enter, or press ? or * to list all spells.
Aiming: Freeze (safe; 4% risk of failure)
Press: ? - help, Shift-Dir - straight line, f/p - giant cockroach
Aim: a giant cockroach (severely wounded)
You freeze the giant cockroach.
You kill the giant cockroach!
The kobold throws a stone.
The stone barely misses you.
Press: ? - help, Shift-Dir - straight line, f - kobold
Aim: a kobold, wielding a +0 short sword and quivering stones The splash of poison misses the kobold.
The kobold throws a stone.
The stone barely misses you.
The kobold hits you with a +0 short sword. x2
You see here a giant cockroach corpse.
Casting: Freeze (safe; 4% risk of failure)
Confirm with . or Enter, or press ? or * to list all spells.
Aiming: Freeze (safe; 4% risk of failure)
Press: ? - help, Shift-Dir - straight line, f/p - kobold
Aim: a kobold, wielding a +0 short sword and quivering stones You freeze the kobold.
The kobold is moderately wounded.
The kobold completely misses you.
You closely miss the kobold.
The kobold is moderately wounded.
The kobold hits you with a +0 short sword.
You barely miss the kobold.
The kobold is moderately wounded.
You have got your breath back.
The kobold hits you with a +0 short sword.
You hit the kobold.
The kobold is heavily wounded.
The kobold closely misses you.
You barely miss the kobold.
The kobold is heavily wounded.
A ball python comes into view.
The kobold barely misses you.
The kobold throws a stone.
The stone hits you.
* * * LOW HITPOINT WARNING * * *
The kobold hits you with a +0 short sword.
You die...

#..#### #... .......
..g '''##. #..##
....### #$B.#
......# #....
......# #..##
''####### #..#
......#g#
###K.######.
##.8..###..#
#.@.>.......
.......≈#..#
#....######.
.....§§§#..# #....#
......≈§#..# #....#
....≈§≈§#..## #....#
§§≈≈≈≈§§#...# #....#
<§§≈≈≈≈≈#...###....#
#########..........#
............########


You could see a kobold.

Vanquished Creatures
  A ball python (D:1)
  An endoplasm (D:1)
  A giant cockroach (D:1)
3 creatures vanquished.

Notes
Turn   | Place    | Note
-------+----------+-------------------------------------------
     0 | D:1      | rabbitsville the Naga Ice Elementalist began the quest for
                  | the Orb.
     0 | D:1      | Reached XP level 1. HP: 15/15 MP: 3/3
   204 | D:1      | Slain by a kobold

Illustrated notes

Levels and vault maps discovered:
D:1:      lordsloth_arrival_two_stooges, layout_basic

Action                   || total
-------------------------++-------
Melee: Unarmed           ||     4
 Cast: Freeze            ||     6
 Abil: Spit Poison       ||     1
Dodge: Dodged            ||     8

Table legend: (Time is in decaauts)
 A = Elapsed time spent in this place.
 B = Non-inter-level travel time spent in this place.
 C = Inter-level travel time spent in this place.
 D = Time resting spent in this place.
 E = Time spent auto-exploring this place.
 F = Levels seen in this place.
 G = Mean time per level.
                   A        B        C        D        E       F      G
               +--------+--------+--------+--------+--------+-----+--------+
         Total |    254 |    254 |      0 |      0 |     64 |   1 |  254.0 |
       Dungeon |    254 |    254 |      0 |      0 |     64 |   1 |  254.0 |
               +--------+--------+--------+--------+--------+-----+--------+

Top non-repeatable levels by time:
     D:1: 254 daAuts
